Unix NetHack Version 3.7.0-97 Work-in-progress - last build Feb 8 2024 15:05:57 (6d6cdf8371b60126770a3d7b88910941cb14a054,branch:master). Game began 2024-02-22 07:48:41, ended 2024-02-22 08:02:28. elenmirie, neutral female gnomish Archeologist ----------- |.....<...| ------- |.......... -...>..| ------------- #-.{.......| | |...........| #|.........| |...........| #|.........| |............# #--.-------- |...........|# ## |...........|# ## ------.------# # ## # # # # # ---------.- -.----- #### # ## |.........| .......###### # ## # |.........|# |.....| ### # ## ------# |.........|##############-.(0..| #### #### #---------- |.....# |.%.....{..# ------- #----|----- #|.%%%!%%%| |....| #|.........|# #.........| #|.%%%%%%%| |(....#####-----------# |........| #+.@%%m@%%| ------ ############# ---------- ---------- Elenmirie the Field Worker St:12 Dx:8 Co:14 In:18 Wi:13 Ch:10 Neutral Dlvl:3 $:14 HP:0(25) Pw:13(13) AC:7 Xp:3/65 T:2124 Satiated Latest messages: You see here a food ration (for sale, 60 zorkmids). You see here a milky potion (for sale, 67 zorkmids). (For instructions type a '?') Call a milky potion: 50 mil You see here a tin (for sale, 9 zorkmids). You see here a food ration (for sale, 60 zorkmids). You see here a fortune cookie (for sale, 9 zorkmids). What do you want to eat? [diF or ?*] ? It is not so easy to open this tin. You hear some noises in the distance. You succeed in opening the tin. It smells like geckos. Eat it? [yn] (n) y You consume pickled gecko. What do you want to drop? [$a-dgi-lp-zDFG or ?*] F You drop a tin of gecko meat. Papar offers 3 gold pieces for your tin of gecko meat. Sell it? [ynaq] (n) y You sold a tin of gecko meat for 3 gold pieces. You see here an apple (for sale, 9 zorkmids). You see here a fortune cookie (for sale, 9 zorkmids). You see here a potion called 50 mil (for sale, 67 zorkmids). You see here a cram ration (for sale, 47 zorkmids). You see here an egg (for sale, 12 zorkmids). You hear some noises in the distance. You see here a food ration (for sale, 60 zorkmids). You see here a food ration (for sale, 60 zorkmids). You see here an ancient fruitcake (for sale, 23 zorkmids). You see here a tripe ration (for sale, 20 zorkmids). You see here a food ration (for sale, 60 zorkmids). Wait! That's a large mimic! You miss the large mimic. You lash the large mimic. The large mimic hits! You lash the large mimic. You lash the large mimic. The large mimic hits! You miss the large mimic. You lash the large mimic. The large mimic hits! You miss the large mimic. You miss the large mimic. You lash the large mimic. The large mimic hits! You die... Papar gratefully inherits all your possessions. Do you want to see what you had when you died? [ynq] (y) y Do you want to see your attributes? [ynq] (y) y Do you want an account of creatures vanquished? [ynaq] (y) y Do you want to see your conduct and achievements? [ynq] (y) y Do you want to see the dungeon overview? [ynq] (y) y Inventory: Coins $ - 14 gold pieces Amulets x - an uncursed amulet of ESP z - an uncursed amulet of guarding (being worn) Weapons G - a blessed +2 orcish dagger a - an uncursed +2 bullwhip (weapon in right hand) Armor c - an uncursed +0 fedora (being worn) b - an uncursed +0 leather jacket (being worn) Comestibles i - an uncursed carrot d - 5 uncursed food rations Rings r - an uncursed +0 ring of adornment u - an uncursed ring of free action y - a blessed +1 ring of gain constitution s - an uncursed -1 ring of protection q - an uncursed ring of shock resistance v - an uncursed ring of sustain ability k - an uncursed ring of teleport control (on right hand) D - an uncursed ring of teleport control Wands l - an uncursed wand of speed monster (0:3) Tools w - an uncursed sack containing 8 items t - an uncursed tinning kit (0:61) Gems/Stones j - a cursed topaz stone p - an uncursed worthless piece of violet glass g - an uncursed touchstone Contents of the sack: a blessed scroll of create monster an uncursed scroll of enchant armor an uncursed scroll of identify an uncursed scroll of scare monster an uncursed potion of gain ability an uncursed potion of hallucination an uncursed potion of healing an uncursed +0 pick-axe Elenmirie the Archeologist's attributes: Background: You were a Field Worker, a level 3 female gnomish Archeologist. You were neutral, on a mission for Camaxtli who was opposed by Quetzalcoatl (lawful) and Huhetotl (chaotic). You were right-handed. You were in the Dungeons of Doom, on level 3. You entered the dungeon 2124 turns ago. You had 65 experience points, 15 more were needed to attain level 4. Basics: You had 0 out of 25 hit points. You had all 13 energy points (spell power). Your armor class was 7. Your wallet contained 14 zorkmids. Autopickup was on, but temporarily disabled while inside the shop. Final Characteristics: Your strength was 12 (limit:18/50). Your dexterity was 8 (limit:18). Your constitution was 14 (limit:18). Your intelligence was 18 (limit:19). Your wisdom was 13 (limit:18). Your charisma was 10 (limit:18). Final Status: You were held by a large mimic (west). You were satiated. You were unencumbered. You were wielding a whip. You had basic skill with whip. Final Attributes: You were devoutly aligned. You were telepathic. You had automatic searching. You had infravision. You had teleport control. You had a small defense bonus (+2). You were guarded. You are dead. Miscellaneous: You never encountered a bones level. Total elapsed playing time was 13 minutes and 44 seconds. Major events: Turn 1: elenmirie the neutral female gnomish Archeologist entered the dungeon 578: attained the rank of Field Worker (level 3) 2124: killed by a large mimic Vanquished creatures: 3 wererats an iguana a large kobold 2 hobgoblins 3 giant rats 2 cave spiders 5 geckos 3 jackals a kobold a goblin 3 sewer rats 2 grid bugs a bat 6 lichens a kobold zombie 6 newts 41 creatures vanquished. No species were genocided or became extinct. Voluntary challenges: You were illiterate. You never engraved Elbereth. You never genocided any monsters. You never polymorphed an object. You used no wishes. Achievements: You entered a shop. You attained the rank of Field Worker. The Dungeons of Doom: levels 1 to 3 Level 1: Some fountains. Level 2: Level 3: <- You were here. A delicatessen, some fountains. Final resting place for you, killed by a large mimic. Game over: ---------- / \ / REST \ / IN \ / PEACE \ / \ | elenmirie | | 14 Au | | killed by a | | large mimic | | | | | | 2024 | *| * * * | * _________)/\\_//(\/(/\)/\//\/|_)_______ Goodbye elenmirie the Archeologist... You died in The Dungeons of Doom on dungeon level 3 with 373 points, and 14 pieces of gold, after 2124 moves. You were level 3 with a maximum of 25 hit points when you died.